 Dungeon Crawl Stone Soup version 0.31-a0-1352-gc98d92de7d (webtiles) character file.

Game seed: 16624158715209607559

232 MackTheKnife the Apothecary (level 5, -4/41 HPs)
             Began as a Draconian Alchemist on Dec 22, 2023.
             Splashed by a jelly's acid (8 damage)
             ... on level 5 of the Dungeon.
             The game lasted 00:05:28 (4266 turns).

MackTheKnife the Apothecary (Draconian Alchemist)   Turns: 4266, Time: 00:05:29

Health: -4/41      AC: -6    Str: 10    XL:     5   Next: 73%
Magic:  3/8        EV: 12    Int: 16    God:
Gold:   243        SH:  5    Dex: 13    Spells: 3/8 levels left

rFire   . . .        e - +0 dagger {short}
rCold   . . .        (no shield)
rNeg    . . .        (body armour unavailable)
rPois   .            (helmet restricted)
rElec   .            (no cloak)
rCorr   .            (no gloves)
SInv    .            r - +0 pair of boots
Will    .....        i - amulet of reflection
Stlth   ++           (no ring)
HPRegen 0.26/turn    (no ring)
MPRegen 0.11/turn

%: reflection
@: corroded, very slightly contaminated
A: AC +5, unfitting armour, cold-blooded
a: no special abilities


You were on level 5 of the Dungeon.
You visited 1 branch of the dungeon, and saw 5 of its levels.

You collected 243 gold pieces.


Innate Abilities, Weirdness & Mutations

Your plain brown scales are hard. (AC +5)
You cannot fit into any form of body armour.
You are cold-blooded and may be slowed by cold attacks.


   Skills:
 - Level 2.0 Fighting
 - Level 1.7 Dodging
 - Level 2.0 Stealth
 - Level 2.0 Spellcasting
 - Level 1.0 Conjurations
 + Level 6.1 Alchemy


You had 3 spell levels left.
You knew the following spells:

 Your Spells              Type           Power      Damage    Failure   Level
a - Sting                 Conj/Alch      52%        1d6       4%          1
b - Olgreb's Toxic Radia  Alch           21%        N/A       17%         4

Your spell library contained the following spells:

 Spells                   Type           Power      Damage    Failure   Level
 Mercury Vapours          Alch/Air       22%        N/A       9%          2
 Apportation              Tloc           2%         N/A       21%         1
 Necrotise                Necr           4%         1d4       21%         1
 Summon Small Mammal      Summ           4%         N/A       21%         1
 Mephitic Cloud           Conj/Alch/Air  9%         N/A       24%         3
 Momentum Strike          Conj/Tloc      6%         3d8       26%         2
 Static Discharge         Conj/Air       6%         3-4/arc   26%         2
 Blink                    Tloc           2%         N/A       30%         2
 Lesser Beckoning         Tloc           2%         N/A       30%         2
 Alistair's Intoxication  Alch           14%        N/A       43%         5
 Sticky Flame             Fire/Alch      11%        2d5       52%         4
 Airstrike                Air            0%         2d(1-17)  90%         4
 Summon Lightning Spire   Summ/Air       1%         N/A       90%         4
 Eringya's Noxious Bog    Alch           10%        4d6       95%         6
 Borgnjor's Vile Clutch   Necr/Erth      0%         N/A       99%         5

Inventory:

Hand Weapons
 e - a +0 dagger (weapon) {short}
   (You found it on level 1 of the Dungeon)
Missiles
 h - 6 poisoned darts {throwing}
Armour
 r - a +0 pair of boots (worn)
   (You found it on level 3 of the Dungeon)
Jewellery
 i - an amulet of reflection (around neck)
   (You found it on level 1 of the Dungeon)
 t - a ring of ice
   (You found it on level 4 of the Dungeon)
Scrolls
 b - 2 scrolls of teleportation {@r4}
 c - a scroll of poison {!r}
 d - a scroll of brand weapon {unknown}
 g - a scroll of fog
 j - a scroll of vulnerability {unknown}
 l - 2 scrolls of identify {unknown}
 m - a scroll of revelation
 s - a scroll of enchant weapon {unknown}
 u - a scroll of amnesia {unknown}
Potions
 a - a potion of magic
 f - a potion of brilliance {unknown}
 k - a potion of resistance
 n - 2 potions of curing {unknown}
 o - a potion of invisibility {unknown}
 q - a potion of enlightenment {unknown}

Dungeon Overview and Level Annotations

Branches:
Dungeon (5/15) Zot: 25728
 Temple: D:4-7

Altars:
Dithmenos
Okawaru
The Shining One

Annotations:
D:3 4 runed translucent doors, Drangen's ghost, amateur HOHu; basamash's ghost, amateur VSFi; jt's ghost, amateur FeSu
D:5 Pikel

##### #...# ###.#.###
######
###...#...###.....
#^..#####.........
#.#...#...###.####
#.#.#.#.#####.# #
#@#.#...#.....####
#J#.##.<.......... #
#.#.#####.##......
##.#.#.# #.##.##...
#....#.#####O##.##...
#.......>J.....##.##...
###...(#####...#..<....
##.... ##.#.######.#.
#.#.###.#.## #.#.


You could see a jelly (poisoned).


Message History

😨 HP[+1] MP[+1]
You start resting.
You start to feel less resistant. 😨 HP[+1]
You start resting. 😨 HP[+1] MP[+1]
Your mp is fully restored (8).
You start resting.
Your resistance to elements expires.
You start resting. 😎 HP[+22]
Your hp is fully restored (41).
Unknown command.
You open the door.
There is an open door here.
You open the door.
There is an open door here.
You see here a large rock {=fthrowing}.
There is an open door here.
There is an open door here.
Key pressed, stopping explore.
You open the door.
There is an open door here.
There is an open door here.
Key pressed, stopping explore.
h - 6 poisoned darts {throwing} (gained 3)
h - 7 poisoned darts {throwing} (gained 1) Key pressed, stopping explore.
Unknown command.
An orc comes into view. It is wielding a +0 whip.
An orc is nearby!
Unknown command.
A jelly comes into view.
The jelly quivers.
You throw a poisoned dart {throwing}.
The poisoned dart {throwing} hits the orc.
You hit the orc but do no damage. You block the orc's attack.
The orc attacks as it pursues you! You block the orc's attack.
The orc attacks as it pursues you!
The orc hits you with a +0 whip. 😕 HP[-2]
You take 2 damage, and now have 39/41 hp.
The orc attacks as it pursues you! The orc barely misses you.
The sting hits the orc.
The orc is poisoned.
You block the orc's attack. 😕 HP[+1] MP[-1]
You lost 1 mp, and now have 7/8 mp.
The sting misses the orc.
The sting hits the jelly.
The jelly partially resists.
The jelly is poisoned.
The orc closely misses you. 😕 MP[-1]
You lost 1 mp, and now have 6/8 mp.
The sting hits the orc.
The orc looks even sicker.
You kill the orc! 😕 MP[-1]
You lost 1 mp, and now have 5/8 mp.
The sting hits the jelly.
The jelly looks even sicker.
The jelly hits you. The acid corrodes you!
You are splashed with acid. 😕 HP[-9] MP[-1]
You take 9 damage, and now have 31/41 hp.
MASSIVE DAMAGE!! (PAUSE)
You lost 1 mp, and now have 4/8 mp.
You hit the jelly.
Your hands burn!
You tail-slap the jelly, but do no damage.
The jelly hits you. The acid corrodes you!
You are splashed with acid!
* * * LOW HITPOINT WARNING * * *
😨 HP[-13]
You take 13 damage, and now have 18/41 hp.
MASSIVE DAMAGE!! (PAUSE)
You hit the jelly but do no damage.
Your hands burn!
* * * LOW HITPOINT WARNING * * *
The jelly closely misses you. 😨 HP[-4]
You take 4 damage, and now have 14/41 hp.
You hit the jelly.
Your hands burn!
* * * LOW HITPOINT WARNING * * *
You block the jelly's attack. 😨 HP[-1]
You take 1 damage, and now have 13/41 hp.
Unknown command.
Casting: Sting (safe; 4% risk of failure)
Confirm with . or Enter, or press ? or * to list all spells.
Aiming: Sting (safe; 4% risk of failure)
Press: ? - help, Shift-Dir - straight line, f/p - jelly
Aim: a jelly (heavily wounded, very poisoned, 100% to hit)
You miscast Sting.
You are very lightly contaminated with residual magic.
Nothing appears to happen.
The jelly hits you.
* * * LOW HITPOINT WARNING * * *
You are splashed with acid.
* * * LOW HITPOINT WARNING * * *
😱 HP[-6] MP[-1]
You take 6 damage, and now have 7/41 hp.
You lost 1 mp, and now have 3/8 mp.
Casting: Sting (safe; 4% risk of failure)
Confirm with . or Enter, or press ? or * to list all spells.
Aiming: Sting (safe; 4% risk of failure)
Press: ? - help, Shift-Dir - straight line, f/p - jelly
Aim: a jelly (heavily wounded, very poisoned, 100% to hit)
The sting hits the jelly.
The jelly partially resists.
The jelly hits you.
* * * LOW HITPOINT WARNING * * *
The acid corrodes you!
You are splashed with acid!
You die...

Skill      XL: |  1  2  3  4 |
---------------+-------------+-----
Stealth        | 2 |  2.0
Fighting       | 1 2 |  2.0
Alchemy        | 4 6 |  6.1
Dodging        | |  1.7
Spellcasting   | |  2.0
Conjurations   | |  1.0

Action                     |  1- 3 |  4- 6 || total
---------------------------+-------+-------++-------
  Melee: Dagger            |    54 |    14 ||    68
         Tailslap          |     5 |     3 ||     8
         Punch             |     1 |       ||     1
  Throw: Dart              |     5 |     8 ||    13
   Cast: Sting             |    81 |    26 ||   107
         Olgreb's Toxic Ra |       |     1 ||     1
    Use: Scroll            |     5 |     3 ||     8
         Potion            |       |     1 ||     1
 Armour: Skin              |    45 |    25 ||    70
  Dodge: Dodged            |    38 |    18 ||    56
  Block: Other             |    10 |     7 ||    17

Levels and vault maps discovered:
D:1:      dpeg_arrival_orchard, layout_basic, shapermc_ecumenical_altar_gd,
          minmay_indecisive_spiral
D:2:      layout_loops_corners, kennysheep_generic_room_12
D:3:      layout_rooms, nicolae_overflow_guarded_unrand_okawaru_victory,
          mainiacjoe_overflow_cross_hatched, mainiacjoe_overflow_tiny_flanked,
          gammafunk_ghost_cemetery, minivault_14, minmay_misc_feat_enclosed,
          kennysheep_boxes
D:4:      layout_loops_ring, lemuel_tele_altar
D:5:      minmay_inner_zag, layout_loops_ring, nicolae_overflow_squiral,
          nicolae_zen_rock_garden, chequers_avenue, uniq_pikel

Notes
Turn   | Place    | Note
-------+----------+-------------------------------------------
     0 | D:1      | MackTheKnife the Draconian Alchemist began the quest for
                  | the Orb.
     0 | D:1      | Reached XP level 1. HP: 14/14 MP: 3/3
     0 | D:1      | magus.rc [v1.9.6]
    75 | D:1      | Found a faded altar of an unknown god.
   107 | D:1      | Reached skill level 2 in Stealth
   284 | D:1      | Reached skill level 1 in Fighting
   284 | D:1      | Reached XP level 2. HP: 20/23 MP: 5/5
   659 | D:1      | You pick up a book of Cantrips and begin reading...
   659 | D:1      | You add the spells Necrotise, Summon Small Mammal and
                  | Apportation to your library.
   844 | D:2      | Reached skill level 2 in Fighting
   844 | D:2      | Reached XP level 3. HP: 29/29 MP: 2/6
   991 | D:2      | You add the spells Alistair's Intoxication, Borgnjor's Vile
                  | Clutch and Eringya's Noxious Bog to your library.
  1710 | D:2      | Reached skill level 4 in Alchemy
  2065 | D:3      | You pick up a book of Storms and begin reading...
  2065 | D:3      | You add the spells Static Discharge, Airstrike and Summon
                  | Lightning Spire to your library.
  2117 | D:3      | Found a runed translucent door.
  2118 | D:3      | Found an iron altar of Okawaru.
  2124 | D:3      | Found the +0 toga "Victory" {*Victory Clar}
  2136 | D:3      | You pick up a book of Spatial Translocations and begin
                  | reading...
  2136 | D:3      | You add the spells Blink, Momentum Strike and Lesser
                  | Beckoning to your library.
  2276 | D:3      | Found a glowing golden altar of the Shining One.
  2458 | D:3      | Found a runed translucent gate.
  2459 | D:3      | Found a runed translucent gate.
  2459 | D:3      | Found a runed translucent gate.
  2460 | D:3      | Noticed Drangen's ghost (amateur HOHu)
  2460 | D:3      | Noticed jt's ghost (amateur FeSu)
  2461 | D:3      | Noticed basamash's ghost (amateur VSFi)
  2476 | D:3      | Noticed a phantom
  2740 | D:4      | Found a shadowy altar of Dithmenos.
  2783 | D:4      | Reached XP level 4. HP: 26/36 MP: 2/7
  2838 | D:4      | Learned a level 4 spell: Olgreb's Toxic Radiance
  2885 | D:4      | Reached skill level 5 in Alchemy
  3502 | D:5      | Entered Level 5 of the Dungeon
  3586 | D:5      | Noticed a black bear
  3596 | D:5      | Killed a black bear
  3597 | D:5      | Reached skill level 6 in Alchemy
  3597 | D:5      | Reached XP level 5. HP: 40/41 MP: 0/8
  3665 | D:5      | Noticed an ogre
  3925 | D:5      | Noticed Pikel
  3925 | D:5      | Noticed a lemure
  3925 | D:5      | Noticed a lemure
  3927 | D:5      | Noticed a lemure
  3944 | D:5      | HP: 3/41 [Pikel/+1 whip of freezing (10)]
  4265 | D:5      | HP: 7/41 [acid (6)]
  4266 | D:5      | Splashed by a jelly's acid

Vanquished Creatures
  A black bear (D:5)
  A howler monkey (D:4)
  An iguana (D:4)
  An adder (D:2)
  A white imp (D:5)
  A bombardier beetle (D:4)
  A worm (D:2)
  A dart slug (D:1)
  2 orcs
  5 endoplasms
  3 giant cockroaches
  5 goblins
  3 hobgoblins
  4 jackals (D:2)
  5 kobolds
  7 ball pythons
  5 bats
  2 frilled lizards
  4 rats
53 creatures vanquished.

Table legend:
 A = Non-vault XP
 B = Vault XP
 C = Vault XP percentage of total XP
 D = Non-vault monster count
 E = Vault monster count
 F = Vault count percentage of total count
                 A         B        C        D         E       F
            +---------+---------+-------+---------+---------+-------
      Total |     196 |     136 |  41.0 |      48 |       5 |   9.4
            +---------+---------+-------+---------+---------+-------
        D:1 |      24 |       5 |  17.2 |      15 |       4 |  21.1
        D:2 |      48 |       0 |   0.0 |      19 |       0 |   0.0
        D:3 |       4 |       0 |   0.0 |       3 |       0 |   0.0
        D:4 |     107 |       0 |   0.0 |       9 |       0 |   0.0
        D:5 |      13 |     131 |  91.0 |       2 |       1 |  33.3
            +---------+---------+-------+---------+---------+-------

Skill      XL: |  1  2  3  4 |
---------------+-------------+-----
Stealth        | 2 |  2.0
Fighting       | 1 2 |  2.0
Alchemy        | 4 6 |  6.1
Dodging        | |  1.7
Spellcasting   | |  2.0
Conjurations   | |  1.0

Action                     |  1- 3 |  4- 6 || total
---------------------------+-------+-------++-------
  Melee: Dagger            |    54 |    14 ||    68
         Tailslap          |     5 |     3 ||     8
         Punch             |     1 |       ||     1
  Throw: Dart              |     5 |     8 ||    13
   Cast: Sting             |    81 |    26 ||   107
         Olgreb's Toxic Ra |       |     1 ||     1
    Use: Scroll            |     5 |     3 ||     8
         Potion            |       |     1 ||     1
 Armour: Skin              |    45 |    25 ||    70
  Dodge: Dodged            |    38 |    18 ||    56
  Block: Other             |    10 |     7 ||    17

Illustrated notes

Table legend:
 A = Kills in this place as a percentage of kills in the entire game.
 B = Kills by you in this place as a percentage of kills by you in the entire game.
 C = Kills by friends in this place as a percentage of kills by friends in the entire game.
 D = Other kills in this place as a percentage of other kills in the entire game.
 E = Experience gained in this place as a percentage of experience gained in the entire game.
 F = Experience gained in this place divided by the number of levels of this place that you have seen.
                   A       B       C       D       E      F
               +-------+-------+-------+-------+-------+----------------------
         Total | 100.0 | 100.0 |   N/A |   N/A | 100.0 |  66.4
       Dungeon | 100.0 | 100.0 |   N/A |   N/A | 100.0 |  66.4
               +-------+-------+-------+-------+-------+----------------------

Table legend: (Time is in decaauts)
 A = Elapsed time spent in this place.
 B = Non-inter-level travel time spent in this place.
 C = Inter-level travel time spent in this place.
 D = Time resting spent in this place.
 E = Time spent auto-exploring this place.
 F = Levels seen in this place.
 G = Mean time per level.
                   A        B        C        D        E       F      G
               +--------+--------+--------+--------+--------+-----+--------+
         Total |   4270 |   3952 |    318 |    484 |   2848 |   5 |  854.0 |
       Dungeon |   4270 |   3952 |    318 |    484 |   2848 |   5 |  854.0 |
               +--------+--------+--------+--------+--------+-----+--------+

Top non-repeatable levels by time:
     D:2: 1328 daAuts
     D:4: 1071 daAuts
     D:1: 736 daAuts
     D:5: 650 daAuts
     D:3: 483 daAuts
